 Dungeon Crawl Stone Soup version 0.21.1-1-g345015f (webtiles) character file.

149 wotfoxis the Chiller (level 5, 0/42 HPs)
             Began as a Naga Ice Elementalist on Feb 19, 2018.
             Slain by an orc
             ... wielding a +0 club
              (3 damage)
             ... on level 2 of the Dungeon.
             The game lasted 00:12:55 (1611 turns).

wotfoxis the Chiller (Naga Ice Elementalist)        Turns: 1611, Time: 00:12:56

Health: 0/42       AC:  3    Str: 10    XL:     5   Next: 31%
Magic:  0/9        EV:  9    Int: 16    God:
Gold:   97         SH:  0    Dex: 12    Spells: 9/10 levels left

rFire    . . .     SeeInvis +   j - +1 quarterstaff
rCold    . . .     Gourm    .   (shield currently unavailable)
rNeg     . . .     Faith    .   i - +0 leather armour
rPois    +         Spirit   .   (no helmet)
rElec    .         Reflect  .   (no cloak)
rCorr    .         Harm     .   (no gloves)
MR       .....                  (no barding)
Stlth    ++........             (no amulet)
HPRegen  0.14/turn              (no ring)
MPRegen  0.11/turn              (no ring)

@: very slow
A: large, see invisible, deformed body, poison resistance, slowness 2, slow
metabolism 1, spit poison 1, AC +1
a: Spit Poison


You were on level 2 of the Dungeon.
You were not hungry.

You visited 1 branch of the dungeon, and saw 3 of its levels.

You collected 97 gold pieces.

Inventory:

Hand Weapons
 j - a +1 quarterstaff (weapon)
Armour
 i - a +0 leather armour (worn)
Wands
 g - a wand of flame (22)
Scrolls
 h - a scroll of fear {unknown}
Potions
 d - a potion of flight {unknown}
 e - a potion of invisibility {unknown}
 f - a potion of agility {unknown}
Books
 b - a book of Frost

   Spells                             Type                      Level
   a - Freeze                         Ice                          1
   b - Throw Frost                    Conjuration/Ice              2
   c - Ozocubu's Armour               Charms/Ice                   3
   d - Throw Icicle                   Conjuration/Ice              4
   e - Summon Ice Beast               Ice/Summoning                4
Comestibles
 c - 3 rations


   Skills:
 + Level 0.1 Fighting
 + Level 0.2 Staves
 + Level 0.5 Armour
 + Level 2.0 Dodging
 + Level 3.5 Stealth
 + Level 3.2 Spellcasting
   Level 1.0 Conjurations
 + Level 4.4 Ice Magic


You had 9 spell levels left.
You knew the following spells:

 Your Spells              Type           Power        Failure   Level  Hunger
a - Freeze                Ice            ###.         4%          1    None


Dungeon Overview and Level Annotations

Branches:
Dungeon (3/15)

Altars:
Ashenzari
Gozag
The Shining One


Innate Abilities, Weirdness & Mutations

You cannot wear boots.
Your serpentine skin is tough. (AC +1)
You have supernaturally acute eyesight. (SInv)
Armour fits poorly on your strangely shaped body.
Your system is resistant to poisons. (rPois)
You cover ground very slowly.
You have a slow metabolism.
You can spit poison.


Message History

You see here a club.
The orc hits you with a club.
* * * LOW HITPOINT WARNING * * *
Casting: Freeze
Confirm with . or Enter, or press ? or * to list all spells.
Aiming: Freeze
Press: ? - help, Shift-Dir - straight line, f - orc
Aim: an orc, wielding a club You freeze the orc.
The orc is severely wounded.
The orc completely misses you.
Casting: Freeze
Confirm with . or Enter, or press ? or * to list all spells.
Aiming: Freeze
Press: ? - help, Shift-Dir - straight line, f/p - orc
Aim: an orc, wielding a club (severely wounded)
You freeze the orc.
The orc is almost dead.
The orc hits you with a club.
You die...

#.# #.# #..#.#..#.####.#.# #.#
#.# #...#...#...(....# ###.#
#.# #.......#.####.### ....#
#.# #.#######.# #.# ##### #.#
#.#######.## #.#
########.#####>##.......# #.#
###............#o##.####..# #.#
.............#.#o##.# #..# #.#
###.######.#.#.#@##.# #..# #.#
###.######.#.#.#.##.####..# #.#
...........#.#.#..........# #.#
############.#............###.#
#..[...............#
########.......##### #########


You could see 2 orcs.

Vanquished Creatures
  An orc priest (D:2)
  Natasha (thrice) (D:2)
  A worm (D:2)
  A dart slug (D:1)
  3 leopard geckos
  An orc (D:2)
  A giant cockroach (D:1)
  3 hobgoblins
  6 jackals (D:2)
  A ball python (D:3)
  4 bats (D:1)
  5 frilled lizards
  3 goblins (D:1)
  7 kobolds
  3 rats
43 creatures vanquished.

Notes
Turn   | Place    | Note
-------+----------+-------------------------------------------
     0 | D:1      | wotfoxis the Naga Ice Elementalist began the quest for the Orb.
     0 | D:1      | Reached XP level 1. HP: 15/15 MP: 3/3
    60 | D:1      | Reached XP level 2. HP: 16/22 MP: 0/5
   536 | D:1      | Reached XP level 3. HP: 27/28 MP: 3/6
   704 | D:2      | Noticed Natasha
   707 | D:2      | Killed Natasha
   774 | D:2      | Reached XP level 4. HP: 29/36 MP: 4/7
   793 | D:2      | Found a glowing golden altar of the Shining One.
   810 | D:2      | Reached skill level 4 in Ice Magic
   832 | D:2      | Found an opulent altar of Gozag.
   893 | D:2      | Noticed Natasha
   908 | D:2      | HP: 1/36 [Natasha (7)]
   909 | D:2      | Killed Natasha
  1211 | D:2      | Found a shattered altar of Ashenzari.
  1287 | D:2      | Found a faded altar of an unknown god.
  1548 | D:2      | Noticed Natasha
  1553 | D:2      | Killed Natasha
  1553 | D:2      | Reached XP level 5. HP: 29/42 MP: 6/9
  1611 | D:2      | Slain by an orc

Skill      XL: |  1  2  3  4  5 |
---------------+----------------+-----
Ice Magic      | 4 |  4.4
Spellcasting   | 3 |  3.2
Dodging        | 2 |  2.0
Fighting       | |  0.1
Staves         | |  0.2
Armour         | |  0.5
Stealth        | |  3.5
Conjurations   | |  1.0

Action                   |  1- 3 |  4- 6 || total
-------------------------+-------+-------++-------
Melee: Dagger            |     4 |       ||     4
       Quarterstaff      |       |     7 ||     7
 Cast: Freeze            |    30 |    25 ||    55
 Abil: Spit Poison       |    18 |    10 ||    28
  Use: Scroll            |       |     3 ||     3
       Potion            |       |     1 ||     1
  Eat: Ration            |     1 |       ||     1
Armor: Robe              |     1 |       ||     1
       Leather armour    |     1 |     6 ||     7
Dodge: Dodged            |    17 |    14 ||    31
